 Dungeon Crawl Stone Soup version 0.32-a0-656-g3542139ebd (webtiles) character file.

Game seed: 7239004738520560577

121195 CougarLife the Earth Mage (level 16, -16/96 HPs)
             Began as a Gargoyle Earth Elementalist on Mar 9, 2024.
             Was the Champion of Vehumet.
             Demolished by Ykem's ghost (34 damage)
             ... on level 1 of the Swamp.
             The game lasted 01:07:49 (33992 turns).

CougarLife the Earth Mage (GrEE)                   Turns: 33992, Time: 01:07:50

Health: -16/96     AC: 25    Str: 11    XL:     16   Next: 84%
Magic:  2/35       EV: 16    Int: 25    God:    Vehumet [******]
Gold:   800        SH:  0    Dex: 10    Spells: 22/45 levels left

rFire   + . .        e - staff of conjuration
rCold   . . .        (no shield)
rNeg    + . .        N - +0 acid dragon scales
rPois   ∞            n - +1 helmet
rElec   +            a - +0 cloak
rCorr   +            I - +0 pair of gloves
SInv    .            H - +0 pair of boots
Will    +....        S - amulet of magic regeneration
Stlth   +            u - ring of protection from fire
HPRegen 0.36/turn    K - +5 ring of evasion
MPRegen 0.64/turn

%: no passive effects
@: flying, slowed, very slow
A: sickness immunity, AC +12, big wings, negative energy resistance 1,
electricity resistance, torment resistance 1, petrification resistance
a: Renounce Religion


You were on level 1 of the Swamp.
You worshipped Vehumet.
Vehumet was exalted by your worship.
You visited 5 branches of the dungeon, and saw 26 of its levels.
You also visited: Bailey and Ice Cave.

You collected 2816 gold pieces.
You spent 2016 gold pieces at shops.

Inventory:

Missiles
 B - a throwing net
Armour
 a - a +0 cloak (worn)
 n - a +1 helmet (worn)
 H - a +0 pair of boots (worn)
 I - a +0 pair of gloves (worn)
 N - +0 acid dragon scales (worn)
Magical Staves
 e - a staff of conjuration (weapon)
Jewellery
 d - a ring of positive energy
 i - the amulet "Eluarah" {Reflect rC+ Str+4 SH+5}
   (You found it in an ice cave)

   [amulet of reflection]

   Reflect:   It reflects blocked missile attacks.
   Str+4:     It affects your strength (+4).
   rC+:       It protects you from cold.
   SH+5:      It affects your SH (+5).
 u - a ring of protection from fire (left hand)
 w - a ring of protection from fire
 K - a +5 ring of evasion (right hand)
 L - a ring of positive energy
 Q - the ring of Zapryexy {rPois AC+4 Str-4 Int+4 Slay+2}
   (You found it on level 14 of the Dungeon)

   [ring of protection]

   AC+4:      It affects your AC (+4).
   Str-4:     It affects your strength (-4).
   Int+4:     It affects your intelligence (+4).
   Slay+2:    It affects your accuracy & damage with ranged weapons and melee
   (+2).
   rPois:     It protects you from poison.
 S - an amulet of magic regeneration (around neck)
 U - a ring of willpower
Wands
 A - a wand of digging (6)
 E - a wand of polymorph (25)
 F - a wand of charming (28)
Scrolls
 b - 2 scrolls of silence
 f - 3 scrolls of revelation
 g - 4 scrolls of fear
 j - a scroll of blinking
 k - 5 scrolls of amnesia
 l - 11 scrolls of teleportation
 p - 6 scrolls of vulnerability
 t - 6 scrolls of enchant armour
 v - 7 scrolls of noise
 x - 3 scrolls of poison
 y - 4 scrolls of fog
 C - 3 scrolls of torment
 J - 2 scrolls of summoning
 M - 3 scrolls of immolation
 R - 3 scrolls of acquirement {unknown}
Potions
 c - a potion of ambrosia {unknown}
 h - 5 potions of attraction
 m - 7 potions of enlightenment
 o - 2 potions of haste
 q - 3 potions of mutation
 r - 6 potions of curing
 s - 4 potions of might
 z - a potion of cancellation {unknown}
 D - 4 potions of heal wounds
 G - 4 potions of brilliance
 O - 2 potions of lignification {unknown}
 P - a potion of resistance {unknown}
 T - a potion of invisibility {unknown}


   Skills:
 - Level 9.4 Fighting
 + Level 4.7 Armour
 - Level 1.5 Dodging
 - Level 2.1 Stealth
 + Level 15.2 Spellcasting
 + Level 17.4 Conjurations
 - Level 6.0 Fire Magic
 - Level 4.1 Air Magic
 * Level 18.1 Earth Magic


You had 22 spell levels left.
You knew the following spells:

 Your Spells              Type           Power      Damage    Failure   Level
a - Sandblast             Erth           100%       2d20      0%          1
b - Stone Arrow           Conj/Erth      100%       3d13      0%          3
c - Starburst             Conj/Fire      43%        6d12      1%          6
d - Freezing Cloud        Conj/Ice/Air   35%        6-21      1%          5
e - Lehudib's Crystal Sp  Conj/Erth      52%        10d12     5%          8

Your spell library contained the following spells:

 Spells                   Type           Power      Damage    Failure   Level
 Irradiate                Conj/Alch      38%        3d24      1%          5
 Passwall                 Erth           83%        N/A       0%          3
 Foxfire                  Conj/Fire      100%       2x1d9     1%          1
 Shock                    Conj/Air       100%       1d9       1%          1
 Momentum Strike          Conj/Tloc      100%       3d10      1%          2
 Scorch                   Fire           98%        2d9       1%          2
 Static Discharge         Conj/Air       100%       3-8/arc   1%          2
 Hailstorm                Conj/Ice       76%        3d13      1%          3
 Inner Flame              Hex/Fire       34%        N/A       1%          3
 Animate Armour           Summ/Erth      100%       N/A       1%          4
 Brom's Barrelling Bould  Conj/Erth      100%       2d11      1%          4
 Flame Wave               Conj/Fire      86%        2d18      1%          4
 Petrify                  Alch/Erth      59%        N/A       1%          4
 Swiftness                Air            39%        N/A       2%          3
 Airstrike                Air            19%        2d(3-19)  2%          4
 Sticky Flame             Fire/Alch      34%        2d7       3%          4
 Slow                     Hex            76%        N/A       4%          1
 Summon Small Mammal      Summ           76%        N/A       4%          1
 Blink                    Tloc           38%        N/A       6%          2
 Call Imp                 Summ           38%        N/A       6%          2
 Ensorcelled Hibernation  Hex/Ice        38%        N/A       6%          2
 Lesser Beckoning         Tloc           38%        N/A       6%          2
 Summon Blazeheart Golem  Fire/Summ      34%        N/A       12%         4
 Call Canine Familiar     Summ           19%        N/A       13%         3
 Confusing Touch          Hex            19%        N/A       13%         3
 Fugue of the Fallen      Necr           19%        N/A       13%         3
 Ozocubu's Armour         Ice            19%        N/A       13%         3
 Sigil of Binding         Hex            19%        N/A       13%         3
 Vampiric Draining        Necr           19%        2d7       13%         3
 Summon Lightning Spire   Summ/Air       29%        N/A       19%         4
 Plasma Beam              Fire/Air       22%        2x1d34    21%         6
 Manifold Assault         Tloc           19%        N/A       38%         4
 Shatter                  Erth           41%        3d32*     50%         9
 Metabolic Englaciation   Hex/Ice        9%         N/A       75%         5
 Sculpt Simulacrum        Ice/Alch       9%         N/A       100%        6
 Summon Cactus Giant      Summ           9%         N/A       100%        6
 Summon Hydra             Summ           9%         N/A       100%        7
 Chain Lightning          Conj/Air       41%        3d55      100%        9
 Fire Storm               Conj/Fire      43%        8d11      100%        9
 Sublimation of Blood     Necr           Unusable   N/A       N/A         2

Dungeon Overview and Level Annotations

Branches:
Dungeon (15/15)            Temple (1/1) D:6            Lair (5/5) D:11
  Swamp (3/4) Lair:3       Spider (0/4) Lair:2        Slime (0/5) Lair:4
    Orc (2/2) D:10            Elf (0/3) Orc:2        Vaults (0/5) D:14
 Depths (0/4) D:15         Bailey (visited)           IceCv (visited)

Altars:
Ashenzari
Cheibriados
Dithmenos
Elyvilon
Fedhas
Gozag
Hepliaklqana
Kikubaaqudgha
Makhleb
Nemelex Xobeh
Okawaru
Qazlal
Ru
Sif Muna
Trog
Uskayaw
Vehumet
Wu Jian
Xom
Yredelemnul
Zin
The Shining One
Beogh

Shops:
D:1 (   D:5 (   D:8 ([**   D:10 *   D:11 *   D:15 ::!*   Orc:1 [   Orc:2 =:[*

Annotations:
Swamp:1 Ykem's ghost, adept GnWn


Innate Abilities, Weirdness & Mutations

You are immune to sickness and miasma.
Your stone body is resilient. (AC +12)
You are immune to poison.
Your large and strong wings let you fly.
You resist negative energy. (rN+)
You are resistant to electric shocks. (rElec)
You are resistant to unholy torment.
You are immune to petrification.


Message History

Aim: Ykem's ghost, wielding a weapon of pain (severely damaged, 32% to hit)
You feel a surge of power!
The crystal spear hits Ykem's ghost!!!
Ykem's ghost is almost destroyed.
Ykem's ghost hits you but does no damage.
You writhe in agony.
Ykem's ghost casts a spell at you. The freezing blast misses you.
You are engulfed in freezing vapours.
Ykem's ghost mumbles some strange words.
Ykem's ghost radiates an aura of cold.
You feel as though you will be slow longer.
Ykem's ghost points at you and mumbles some strange words.
The freezing blast misses you.
You are engulfed in freezing vapours.
Ykem's ghost says, "There is no future for me!"
Ykem's ghost gestures at you while chanting.
The freezing blast engulfs you but does no damage.
Casting: Lehudib's Crystal Spear (dangerous; 5% risk of failure)
Confirm with . or Enter, or press ? or * to list all spells.
Casting: Starburst (dangerous; 1% risk of failure)
Press: ? - help, Dir - look around, f - activate You feel a surge of power!
You hear a sizzling sound! x7
You are engulfed in freezing vapours.
* * * LOW HITPOINT WARNING * * *
Casting: Starburst (dangerous; 1% risk of failure)
Confirm with . or Enter, or press ? or * to list all spells.
Casting: Starburst (dangerous; 1% risk of failure)
Press: ? - help, Dir - look around, f - activate You feel a surge of power!
The bolt of fire hits Ykem's ghost.
Ykem's ghost resists.
Ykem's ghost is almost destroyed.
The mangrove smoulders and burns.
You hear a sizzling sound!
The mangrove smoulders and burns. x3
You hear a sizzling sound!
Ykem's ghost casts a spell.
Ykem's ghost erupts in a fountain of uncontrolled magic!
You are blasted with magical radiation!!
You die...

♣.....### ♣♣.♣...#[## ♣ ♣♣♣
♣..~...)_.# ♣ ♣♣♣~♣ ♣...°°°#:##
♣♣♣♣♣ ...♣♣♣♣♣♣♣~.♣♣..###
♣♣♣♣♣♣♣.♣♣.
~~~~.♣~♣♣~.~♣♣♣♣♣♣♣♣♣♣♣.~.~......
~.♣~..~.♣~§~♣♣§♣§♣§☼...~~~~~~♣..♣
~~~~~...~~♣~~..§.§○☼♣~♣~~~~~~§.♣♣
~.~.~.~~~~~~~§§W@.~☼♣♣♣.~~.~.~♣♣
♣~..~~~~~.~...~§§.☼○~§~~~~~~§.♣
♣♣♣..~.....§~....~~.♣~~~♣.~~~♣♣
♣♣♣♣.~~~~§§~~.~~§♣~...~♣~..~.♣
~♣♣♣.~~~~.~~..§.~~~.♣...§~~~♣♣
♣♣♣..~~~..~§~~~.♣~~♣♣.~.~~..♣
♣......~~~§...~.~~§♣♣.~.~♣~♣♣
.♣♣♣.~§~~~~~♣..~~~.♣♣.~.~~~~♣♣
..♣..~~~>~~..♣...~~...~..~)~.♣


You could see Ykem's ghost.

Vanquished Creatures
  Frances (D:14)
  Kirke (D:13)
  Aizul (Swamp:2)
  2 azure jellies (IceCv)
  Louise (Swamp:3)
  2 very ugly things (D:15)
  3 eleionomae
  2 bunyips (Swamp:3)
  Azrael (D:12)
  Snorg (D:9)
  A great orb of eyes (D:15)
  5 vault guards (D:14)
  A spriggan air mage (Swamp:2)
  7 hydras
  Erolcha (D:10)
  11 alligators
  7 centaur warriors
  2 catoblepae
  A boulder beetle (D:14)
  A death knight (D:15)
  4 two-headed ogres
  A dancing weapon (Swamp:1)
  3 tengu warriors (D:15)
  A spriggan berserker (Swamp:1)
  An orc high priest (Orc:1)
  4 spriggans (Swamp:2)
  Sonja (D:11)
  Amaemon (D:11)
  2 spriggan druids (Lair:3)
  4 skysharks (Lair:5)
  2 goliath frogs
  An arcanist (D:13)
  2 bog bodies (Swamp:1)
  5 orc knights
  2 swamp dragons
  Pikel (D:6)
  A necromancer (Orc:1)
  A wolf spider (D:15)
  A will-o-the-wisp (Swamp:2)
  3 orc sorcerers (Orc:1)
  5 ugly things
  3 elephants (Lair:1)
  8 cyclopes
  3 manticores
  6 black mambas
  4 kobold blastminers (Orc:2)
  2 guardian serpents (D:15)
  A gargoyle (D:12)
  An orange demon (D:8)
  A torpor snail (Lair:5)
  Joseph (D:7)
  15 cane toads
  Maggie (Lair:2)
  2 ice statues (IceCv)
  9 komodo dragons
  A kobold demonologist (D:11)
  Jeremiah (D:6)
  3 rime drakes
  A komodo dragon (shapeshifter) (D:15)
  A troll (shapeshifter) (D:14)
  3 polar bears
  8 trolls
  A bloated husk (Swamp:3)
  6 hornets
  5 tyrant leeches
  17 blink frogs
  5 dream sheep (Lair:4)
  40 slime creatures
  2 culicivoras (Lair:2)
  Sigmund (D:3)
  A shadow (D:11)
  4 wyverns
  3 wraiths
  4 humans (D:14)
  4 hogs (D:13)
  3 fire elementals (D:12)
  4 wargs
  Grum (D:11)
  A basilisk (D:15)
  A steam dragon (D:7)
  51 yaks
  Menkaure (D:6)
  14 vampire mosquitoes
  13 water moccasins
  2 acid dragons
  6 swamp worms
  A great orb of eyes simulacrum (IceCv)
  45 orc warriors
  3 black bears
  3 hell hounds (D:12)
  3 ice beasts
  2 sky beasts
  9 ogres
  16 wolves
  21 centaurs
  3 slime creature simulacra (IceCv)
  A phantom (D:4)
  2 lemures (D:6)
  3 kobold brigands
  A gnoll sergeant (D:7)
  16 bullfrogs
  An earth elemental (Swamp:3)
  3 scorpions
  A cyclops skeleton (Orc:1)
  8 wights (D:8)
  3 jellies
  14 killer bees
  A troll skeleton (Orc:1)
  An electric eel (Lair:5)
  2 howler monkeys
  3 bombardier beetles
  22 orc priests
  5 hounds
  3 sleepcaps (D:5)
  Natasha (thrice) (D:4)
  7 iguanas
  41 orc wizards
  3 shapeshifter simulacra (IceCv)
  Robin (D:3)
  11 gnolls
  9 adders
  2 orc zombies (Orc:1)
  A shadow imp (D:5)
  A white imp (D:8)
  An orc simulacrum (Orc:1)
  2 ribbon worms
  2 dart slugs (D:5)
  82 orcs
  11 ball pythons
  12 endoplasms
  A giant cockroach (D:2)
  20 goblins
  13 hobgoblins
  33 kobolds
  2 quokkas
  6 bats
  5 frilled lizards
  9 rats
837 creatures vanquished.

Vanquished Creatures (others)
  2 bloated husks (Swamp:3)
  2 humans (D:14)
  An orc wizard (D:5)
  4 foxfires (Swamp:2)
9 creatures vanquished.

Grand Total: 846 creatures vanquished

Notes
Turn   | Place    | Note
-------+----------+-------------------------------------------
     0 | D:1      | CougarLife the Gargoyle Earth Elementalist began the quest
                  | for the Orb.
     0 | D:1      | Reached XP level 1. HP: 10/10 MP: 3/3
   104 | D:1      | Reached XP level 2. HP: 15/15 MP: 1/5
   423 | D:1      | Reached skill level 4 in Earth Magic
   798 | D:1      | Reached XP level 3. HP: 15/19 MP: 4/6
   842 | D:1      | Found Asydel's Antique Weapon Boutique.
  1063 | D:2      | Found a shadowy altar of Dithmenos.
  1345 | D:2      | Reached XP level 4. HP: 24/24 MP: 5/8
  1459 | D:2      | Learned a level 3 spell: Stone Arrow
  1839 | D:3      | Reached XP level 5. HP: 28/28 MP: 7/9
  2034 | D:3      | Noticed Sigmund
  2042 | D:3      | Killed Sigmund
  2043 | D:3      | Reached skill level 5 in Earth Magic
  2043 | D:3      | Reached XP level 6. HP: 32/32 MP: 3/11
  2127 | D:3      | Found a sparkling altar of Nemelex Xobeh.
  2156 | D:3      | Noticed Robin
  2183 | D:3      | Killed Robin
  2326 | D:3      | Found a faded altar of an unknown god.
  2887 | D:3      | Reached skill level 6 in Earth Magic
  2887 | D:3      | Reached XP level 7. HP: 34/36 MP: 4/13
  3046 | D:4      | Noticed Natasha
  3048 | D:4      | Killed Natasha
  3096 | D:4      | Noticed Natasha
  3100 | D:4      | Killed Natasha
  3165 | D:4      | Found an iron altar of Okawaru.
  3660 | D:4      | Reached skill level 5 in Conjurations
  3725 | D:4      | Found a basalt altar of Yredelemnul.
  3766 | D:4      | Noticed Natasha
  3768 | D:4      | Killed Natasha
  3917 | D:5      | Entered Level 5 of the Dungeon
  4019 | D:5      | Found a burning altar of Makhleb.
  4042 | D:5      | Reached skill level 5 in Spellcasting
  4071 | D:5      | Reached skill level 7 in Earth Magic
  4071 | D:5      | Reached XP level 8. HP: 41/41 MP: 10/15
  4274 | D:5      | Found Ucreryqe's Antique Weapon Shoppe.
  4555 | D:5      | Found a stormy altar of Qazlal.
  4631 | D:5      | Reached skill level 8 in Earth Magic
  4809 | D:5      | Reached XP level 9. HP: 35/45 MP: 10/18
  5347 | D:6      | Noticed Pikel
  5360 | D:6      | Killed Pikel
  5361 | D:6      | Reached skill level 9 in Earth Magic
  5516 | D:6      | Found a staircase to the Ecumenical Temple.
  5535 | Temple   | Entered the Ecumenical Temple
  5631 | Temple   | Became a worshipper of Vehumet
  5682 | D:6      | Noticed Jeremiah
  5689 | D:6      | Killed Jeremiah
  5733 | D:6      | Noticed Menkaure
  5736 | D:6      | Killed Menkaure
  6056 | D:6      | Reached skill level 10 in Earth Magic
  6243 | D:7      | Found a hide-covered altar of Uskayaw.
  6305 | D:7      | Reached XP level 10. HP: 50/50 MP: 17/21
  6345 | D:7      | Reached skill level 1 in Fire Magic
  6421 | D:7      | Noticed Joseph
  6439 | D:7      | Killed Joseph
  6744 | D:7      | Reached * piety under Vehumet
  6744 | D:7      | Offered knowledge of Magic Dart by Vehumet.
  6919 | D:7      | Found an ancient bone altar of Kikubaaqudgha.
  7248 | D:8      | Noticed an angel
  7248 | D:8      | Found a glowing silver altar of Zin.
  7248 | D:8      | Found a shimmering altar of Xom.
  7273 | D:8      | Found Dysipla's Armour Boutique.
  7333 | D:8      | Found an opulent altar of Gozag.
  7363 | D:8      | Found Bekhas's Weapon Shoppe.
  7602 | D:8      | Noticed a two-headed ogre
  7609 | D:8      | Killed a two-headed ogre
  7610 | D:8      | Reached skill level 10 in Conjurations
  7612 | D:8      | Found Naonaoh's General Store.
  7621 | D:8      | Bought a potion of curing for 33 gold pieces
  7621 | D:8      | Bought a scroll of poison for 44 gold pieces
  7621 | D:8      | Bought a potion of heal wounds for 55 gold pieces
  7699 | D:8      | Found Esiumeidot's Assorted Antiques.
  7722 | D:8      | Reached ** piety under Vehumet
  7722 | D:8      | Offered knowledge of Kiss of Death by Vehumet.
  7826 | D:8      | Noticed Amaemon
  7827 | D:8      | Noticed an orange demon
  7844 | D:8      | Killed an orange demon
  7855 | D:8      | Found a flagged portal.
  7868 | Bailey   | Entered a bailey
  8084 | Bailey   | Reached skill level 5 in Fire Magic
  8287 | Bailey   | Reached XP level 11. HP: 52/54 MP: 14/24
  8397 | Bailey   | Offered knowledge of Dazzling Flash by Vehumet.
  8943 | D:8      | Found a glowing golden altar of the Shining One.
  9207 | D:8      | Bought a sparkling silver ring for 130 gold pieces
  9207 | D:8      | Identified the ring of the Median {Fire Dex+3} (You bought
                  | it in a shop on level 8 of the Dungeon)
  9207 | D:8      | Bought a potion of heal wounds for 130 gold pieces
  9207 | D:8      | Bought a transparent cloak for 247 gold pieces
  9207 | D:8      | Identified the -2 cloak "Pyfic" {Str+3 Dex+5} (You bought
                  | it in a shop on level 8 of the Dungeon)
  9551 | D:9      | Reached *** piety under Vehumet
  9867 | D:9      | Learned a level 6 spell: Starburst
  9881 | D:9      | Offered knowledge of Hailstorm by Vehumet.
 10459 | D:10     | Entered Level 10 of the Dungeon
 10495 | D:10     | Noticed Snorg
 10507 | D:9      | Killed Snorg
 10508 | D:9      | Reached skill level 10 in Spellcasting
 10614 | D:10     | Reached **** piety under Vehumet
 10730 | D:10     | Found a shadowy altar of Dithmenos.
 10736 | D:10     | Offered knowledge of Lee's Rapid Deconstruction by Vehumet.
 10737 | D:10     | Reached skill level 11 in Earth Magic
 11242 | D:10     | Found Xoin's General Store.
 11250 | D:10     | Bought a scroll of identify for 34 gold pieces
 11250 | D:10     | Bought a scroll of fog for 68 gold pieces
 11352 | D:10     | Found a white marble altar of Elyvilon.
 11371 | D:10     | Noticed Erolcha
 11376 | D:10     | Killed Erolcha
 11487 | D:10     | Found a staircase to the Orcish Mines.
 11649 | D:11     | Noticed a cyclops
 11653 | D:11     | Killed a cyclops
 11654 | D:11     | Reached XP level 12. HP: 59/59 MP: 14/26
 11676 | D:11     | Noticed a two-headed ogre
 11679 | D:11     | Killed a two-headed ogre
 11743 | D:11     | Noticed Grum
 11750 | D:11     | Killed Grum
 11766 | D:11     | Noticed Sonja
 11774 | D:11     | Killed Sonja
 11777 | D:11     | Found a frozen archway.
 11827 | IceCv    | Entered an ice cave
 11868 | IceCv    | Reached skill level 12 in Earth Magic
 12408 | IceCv    | Identified the amulet "Eluarah" {Reflect rC+ Str+4 SH+5}
 12479 | IceCv    | Reached ***** piety under Vehumet
 12634 | IceCv    | Offered knowledge of Freezing Cloud by Vehumet.
 12832 | IceCv    | Learned a level 5 spell: Freezing Cloud
 13439 | IceCv    | Found a viscous altar of Jiyva.
 13439 | IceCv    | Noticed an azure jelly
 13443 | IceCv    | Killed an azure jelly
 13444 | IceCv    | Reached skill level 13 in Earth Magic
 13497 | IceCv    | Noticed an azure jelly
 13504 | IceCv    | Killed an azure jelly
 13505 | IceCv    | Reached XP level 13. HP: 63/63 MP: 20/28
 13558 | IceCv    | Identified the orb "Qych" {*Rage, Str+4 Dex+3 Slay+2}
 13564 | IceCv    | Got Itsivigg's Book of Snow
 13734 | D:11     | Killed Amaemon
 14124 | D:11     | Found Aomuvuad's Alliterative Armaments.
 14210 | D:11     | Found a staircase to the Lair.
 14408 | D:11     | You fall into a shaft and drop 2 floors!
 14675 | Lair:1   | Entered Level 1 of the Lair of Beasts
 15807 | Lair:1   | Reached skill level 1 in Fighting
 16224 | Lair:2   | Reached skill level 1 in Armour
 16228 | Lair:2   | Reached skill level 14 in Earth Magic
 16409 | Lair:2   | Found a hole to the Spider Nest.
 16823 | Lair:2   | Noticed Maggie
 16828 | Lair:2   | Killed Maggie
 18261 | Lair:3   | Found a staircase to the Swamp.
 18269 | Lair:3   | Gained mutation: Your large and strong wings let you fly.
                  | [Gargoyle growth]
 18269 | Lair:3   | Reached XP level 14. HP: 44/74 MP: 22/30
 19352 | Lair:4   | Reached skill level 15 in Earth Magic
 19577 | Lair:4   | Found a staircase to the Slime Pits.
 19940 | Lair:5   | Entered Level 5 of the Lair of Beasts
 19977 | Lair:5   | Identified the +7 scimitar of Obufazui {drain, rElec rPois
                  | Str+3 Stlth+}
 19999 | Lair:4   | Reached skill level 15 in Conjurations
 20176 | Lair:5   | Offered knowledge of Iskenderun's Mystic Blast by Vehumet.
 21271 | Lair:5   | Reached skill level 5 in Fighting
 21866 | D:12     | Learned a level 8 spell: Lehudib's Crystal Spear
 21955 | D:12     | Noticed Azrael
 21961 | D:12     | Killed Azrael
 22347 | D:12     | Offered knowledge of Conjure Ball Lightning by Vehumet.
 22745 | Orc:1    | Entered Level 1 of the Orcish Mines
 22748 | Orc:1    | Found a roughly hewn altar of Beogh.
 22750 | Orc:1    | Reached skill level 16 in Earth Magic
 23170 | Orc:1    | Reached XP level 15. HP: 82/82 MP: 8/32
 23745 | Orc:1    | Paralysed by an orc sorcerer for 2 turns
 23827 | Orc:1    | Found Luffar's Antique Armour Emporium.
 23879 | Orc:1    | Reached skill level 1 in Air Magic
 24669 | Orc:2    | Entered Level 2 of the Orcish Mines
 24669 | Orc:2    | Found a staircase to the Elven Halls.
 24990 | Orc:2    | Reached ****** piety under Vehumet
 25662 | Orc:2    | Found Daaqusa's General Store.
 25665 | Orc:2    | Found Atoaho's Book Boutique.
 25665 | Orc:2    | Found Pab Del's Antique Armour Emporium.
 25669 | Orc:2    | Found Fatisiu's Jewellery Shop.
 25676 | Orc:2    | Bought a book of Annihilations for 1020 gold pieces
 25700 | Orc:2    | Bought a scroll of identify for 32 gold pieces
 25700 | Orc:2    | Bought a scroll of identify for 32 gold pieces
 26115 | D:13     | Noticed Kirke
 26119 | D:13     | Offered knowledge of Eringya's Noxious Bog by Vehumet.
 26122 | D:13     | Killed Kirke
 27347 | D:14     | Identified the +0 robe of Jathras {Rampage rN+ Slay-6}
 28099 | D:14     | Noticed Frances
 28305 | D:14     | Killed Frances
 28383 | D:14     | Identified the ring of Zapryexy {rPois AC+4 Str-4 Int+4
                  | Slay+2}
 29113 | D:14     | Found a gate to the Vaults.
 29183 | D:15     | Entered Level 15 of the Dungeon
 29215 | D:15     | Found Konycine's Book Boutique.
 29552 | D:15     | Found Eronaeme's Book Boutique.
 29605 | D:15     | Reached skill level 17 in Earth Magic
 29642 | D:15     | Found Ycem Coe's Distillery.
 29650 | D:15     | Bought a potion of heal wounds for 55 gold pieces
 29650 | D:15     | Bought a potion of enlightenment for 55 gold pieces
 29655 | D:15     | Reached XP level 16. HP: 83/92 MP: 14/34
 29794 | D:15     | Found Xep Laph's Assorted Antiques.
 29803 | D:15     | Bought a scroll of teleportation for 81 gold pieces
 30788 | D:15     | Found a staircase to the Depths.
 31063 | Swamp:1  | Entered Level 1 of the Swamp
 31275 | Swamp:1  | Found a runed translucent door.
 31275 | Swamp:1  | Found a shimmering altar of Xom.
 31275 | Swamp:1  | Noticed Ykem's ghost (adept GnWn)
 32587 | Swamp:2  | Identified the +1 leather armour "Niwit" {rF+ Regen+
                  | Stlth+}
 32595 | Swamp:2  | Identified the serpent talisman of Jistrig {Str+7}
 32595 | Swamp:2  | Noticed Aizul
 32596 | Swamp:2  | Offered knowledge of Irradiate by Vehumet.
 32600 | Swamp:2  | Killed Aizul
 32955 | Swamp:2  | Reached skill level 15 in Spellcasting
 33557 | Swamp:3  | Noticed Louise
 33632 | Swamp:3  | Killed Louise
 33687 | Swamp:3  | Reached skill level 18 in Earth Magic
 33992 | Swamp:1  | Demolished by Ykem's ghost

Illustrated notes

Levels and vault maps discovered:
D:1:      dpeg_arrival_radiant, layout_basic, serial_shops, nicolae_diamond_shop
D:2:      layout_rooms, basic_altar
D:3:      layout_loops_ring, nemelex_xobeh_ov_fountains_minmay,
          chequers_ecumenical_altar_simple_redux, uniq_sigmund, uniq_robin
D:4:      layout_loops_cross, mainiacjoe_overflow_small_starburst,
          mainiacjoe_overflow_alcove_4, serial_rivers,
          chequers_serial_rivers_small_b, chequers_serial_rivers_micro_d,
          chequers_serial_rivers_marsh, chequers_serial_rivers_micro_c,
          chequers_serial_rivers_micro_a, st_stairs_12, uniq_natasha
D:5:      layout_cave_pools, bloody_makhleb, grunt_qazlal_clouds, serial_shops,
          shop, minmay_joined_circles
D:6:      layout_loops_ring, minmay_temple_entry_junction, uniq_jeremiah,
          uniq_menkaure, uniq_pikel
D:7:      layout_basic, kiku_gazebo_garden_becter, lemuel_round_altar,
          uniq_joseph, uniq_crazy_yiuf_cottage
D:8:      layout_loops_corners, mainiacjoe_overflow_chevrons,
          nicolae_tso_swordbearing_angel,
          grunt_temple_overflow_order_and_chaos_1, serial_shops,
          nicolae_lakefront_shop, shop, nicolae_shop_pleasant_corner_grove,
          shop, enter_bailey_4, minmay_misc_feat_room, uniq_amaemon
D:9:      layout_basic, serial_bayou_pond_a, amcnicky_mini_corridor_feature
D:10:     layout_loops_cross, kennysheep_little_box,
          mainiacjoe_overflow_catwalk, serial_shops,
          nicolae_shop_tiny_statue_garden, uniq_snorg, uniq_erolcha
D:11:     layout_irregular_city, lair_entry_dummy,
          portal_ice_cave_entry_pillars_2, chequers_serial_rivers_large_b,
          serial_bayou_pond_a, monkooky_shop_alliterative, uniq_grum, uniq_sonja
D:12:     layout_loops_ring, uniq_azrael
D:13:     layout_big_octagon, uniq_kirke
D:14:     layout_roguey, ximxim_vaults_locker_room, uniq_frances
D:15:     gammafunk_enter_depths_forms, layout_small_grid, serial_shops,
          nicolae_shop_pleasant_corner_grove, shop, nicolae_square_shop,
          nicolae_shop_gibbet_a_chance, nrook_guardian_serpent_double
Temple:   nicolae_temple_figure_zero
Lair:1:   layout_big_grid, chequers_serial_rivers_room_b
Lair:2:   layout_regular_city, hellmonk_spider_entry_life_and_decay, uniq_maggie
Lair:3:   layout_cave_pods, mainiacjoe_swamp_entry_angry_trees
Lair:4:   layout_concentric_octagons, slime_entry_1
Lair:5:   minmay_lair_end_frog_pond, layout_regular_city
Swamp:1:  layout_falls_marsh, ebering_ghost_xom, evilmike_swamp_ruin_house_6,
          nicolae_swamp_tree_isthmus
Swamp:2:  layout_falls_marsh, evilmike_swamp_ruin_house_4, uniq_aizul
Swamp:3:  layout_falls_marsh, evilmike_swamp_ruin_house_1, swamp_pool_3,
          nzn_swamp_blast_mining, uniq_louise
Orc:1:    dreamdust_under_siege, layout_diamond_mine, guppyfry_orc_lava_fort
Orc:2:    st_orc_rangers, layout_caves

Skill      XL: |  1  2  3  4  5  6  7  8  9 10 11 12 13 14 15 16 |
---------------+-------------------------------------------------+-----
Earth Magic    | 4 5 6 7 8 10 11 13 14 16 17 18 | 18.1
Conjurations   | 2 3 4 5 7 8 10 12 13 14 15 16 17 | 17.4
Spellcasting   | 3 4 5 6 7 9 10 11 12 13 14 15 | 15.2
Fire Magic     | 5 6 |  6.0
Fighting       | 3 5 7 9 |  9.4
Armour         | 3 4 |  4.7
Air Magic      | 4 |  4.1
Dodging        | |  1.5
Stealth        | |  2.1

Action                     |  1- 3 |  4- 6 |  7- 9 | 10-12 | 13-15 | 16-18 || total
---------------------------+-------+-------+-------+-------+-------+-------++-------
  Melee: Unarmed           |     3 |       |       |       |       |       ||     3
         Staff             |     7 |     9 |    15 |    24 |    26 |     3 ||    84
   Cast: Sandblast         |    52 |    72 |   145 |   185 |   216 |     7 ||   677
         Stone Arrow       |       |     1 |    15 |   113 |   220 |    50 ||   399
         Starburst         |       |       |       |    47 |    64 |    15 ||   126
         Freezing Cloud    |       |       |       |       |   107 |    26 ||   133
         Lehudib's Crystal |       |       |       |       |    33 |    55 ||    88
    Use: Scroll            |       |       |       |     6 |    17 |     1 ||    24
         Potion            |       |       |       |     5 |     1 |     3 ||     9
 Armour: Robe              |    24 |    30 |    87 |    35 |       |       ||   176
         Steam dragon scal |       |       |       |   162 |   176 |       ||   338
         Acid dragon scale |       |       |       |       |    56 |   106 ||   162
  Dodge: Dodged            |    13 |    25 |    40 |   120 |   228 |    62 ||   488
  Block: Other             |       |     3 |    16 |    57 |    76 |     3 ||   155
         Reflection        |       |       |       |    13 |    24 |       ||    37

Table legend: (Time is in decaauts)
 A = Elapsed time spent in this place.
 B = Non-inter-level travel time spent in this place.
 C = Inter-level travel time spent in this place.
 D = Time resting spent in this place.
 E = Time spent auto-exploring this place.
 F = Levels seen in this place.
 G = Mean time per level.
                   A        B        C        D        E       F      G
               +--------+--------+--------+--------+--------+-----+--------+
         Total |  34455 |  33059 |   1396 |  12467 |  12979 |  28 | 1230.5 |
       Dungeon |  17997 |  17227 |    770 |   5220 |   8335 |  15 | 1199.8 |
        Temple |    106 |     86 |     20 |     84 |      0 |   1 |  106.0 |
          Lair |   7252 |   6880 |    372 |   2175 |   3352 |   5 | 1450.4 |
         Swamp |   2966 |   2876 |     90 |   1532 |    633 |   3 |  988.7 |
  Orcish Mines |   3364 |   3221 |    143 |   1607 |    598 |   2 | 1682.0 |
        Bailey |    945 |    945 |      0 |    549 |     60 |   1 |  945.0 |
      Ice Cave |   1822 |   1822 |      0 |   1299 |      0 |   1 | 1822.0 |
               +--------+--------+--------+--------+--------+-----+--------+

Top non-repeatable levels by time:
   Orc:1: 2584 daAuts
    D:14: 2082 daAuts
   IceCv: 1822 daAuts
  Lair:5: 1710 daAuts
  Lair:3: 1668 daAuts
 Swamp:1: 1624 daAuts
  Lair:1: 1468 daAuts
    D:15: 1451 daAuts
  Lair:2: 1369 daAuts
     D:9: 1294 daAuts
     D:8: 1229 daAuts
    D:11: 1228 daAuts
     D:5: 1210 daAuts
    D:12: 1203 daAuts
    D:13: 1163 daAuts
